 Dungeon Crawl Stone Soup version 0.31-a0-232-gb1c03b2570 (webtiles) character file.

Game seed: 4301169938268247415

1653 funkygono the Cleaver (level 8, -1/71 HPs)
             Began as a Minotaur Fighter on July 7, 2023.
             Was a Follower of Okawaru.
             Slain by a troll (4 damage)
             ... on level 5 of the Dungeon.
             The game lasted 00:09:30 (5368 turns).

funkygono the Cleaver (Minotaur Fighter)            Turns: 5368, Time: 00:09:31

Health: -1/71      AC: 13    Str: 24    XL:     8   Next: 68%
Magic:  16/16      EV:  8    Int:  5    God:    Okawaru [*.....]
Gold:   360        SH:  8    Dex:  9    Spells: 7/7 levels left

rFire   . . .        a - +2 war axe
rCold   . . .        u - +0 kite shield
rNeg    . . .        r - +0 chain mail
rPois   .            (helmet restricted)
rElec   .            (no cloak)
rCorr   .            i - +1 pair of gloves
SInv    .            (no boots)
Will    +....        (no amulet) Stlth
                     l - ring of willpower
HPRegen 0.31/turn    j - ring of magical power
MPRegen 0.15/turn

%: no passive effects
@: studying Axes
A: horns 2, retaliatory headbutt
a: Renounce Religion, Heroism


You were on level 5 of the Dungeon.
You worshipped Okawaru.
Okawaru was aware of your devotion.
You visited 2 branches of the dungeon, and saw 7 of its levels.

You collected 360 gold pieces.

Inventory:

Hand Weapons
 a - a +2 war axe (weapon)
Missiles
 e - 9 poisoned darts
 f - 7 stones (quivered)
 g - 4 javelins
 n - a boomerang
Armour
 i - a +1 pair of gloves (worn)
 r - a +0 chain mail (worn)
 u - a +0 kite shield (worn)
Jewellery
 j - a ring of magical power (right hand)
 l - a ring of willpower (left hand)
Wands
 q - a wand of polymorph (9)
 w - a wand of paralysis (3)
 x - a wand of roots (6)
Scrolls
 s - a scroll of enchant armour
Potions
 b - a potion of invisibility {unknown}
 d - a potion of might
 h - 2 potions of lignification
 k - 3 potions of curing
 m - a potion of cancellation {unknown}
 o - 2 potions of magic
 p - 2 potions of attraction {unknown}
 t - a potion of mutation {unknown}
 v - a potion of heal wounds {unknown}


   Skills:
 + Level 6.3 Fighting
 + Level 11.1 Axes
 + Level 2.8 Throwing
 + Level 7.6 Armour
 + Level 1.7 Dodging
 + Level 1.1 Stealth
 + Level 5.5 Shields
 + Level 0.4 Invocations


You had 7 spell levels left.
You didn't know any spells.
Your spell library contained the following spells:

 Spells                   Type           Power      Damage    Failure   Level
 Cigotuvi's Dreadful Rot  Necr/Pois/Air  0%         N/A       100%        2
 Static Discharge         Conj/Air       0%         2-2/arc   100%        2
 Ignite Poison            Fire/Tmut/Pois 0%         N/A       100%        3
 Airstrike                Air            0%         2d(0-16)  100%        4
 Freezing Cloud           Conj/Ice/Air   0%         6-21      100%        5
 Summon Small Mammal      Summ           Unusable   N/A       N/A         1
 Call Canine Familiar     Summ           Unusable   N/A       N/A         3
 Summon Guardian Golem    Hex/Summ       Unusable   N/A       N/A         3
 Summon Lightning Spire   Summ/Air       Unusable   N/A       N/A         4

Dungeon Overview and Level Annotations

Branches:
Dungeon (6/15)             Temple (1/1) D:4

Altars:
Ashenzari
Cheibriados
Dithmenos
Elyvilon
Fedhas
Gozag
Hepliaklqana
Kikubaaqudgha
Makhleb
Nemelex Xobeh
Okawaru
Qazlal
Ru
Sif Muna
Trog
Uskayaw
Vehumet
Wu Jian
Yredelemnul
The Shining One

Shops:
D:5 (


Innate Abilities, Weirdness & Mutations

You have a pair of horns on your head.
You reflexively headbutt those who attack you in melee.


Message History

You hit Maggie.
Maggie is severely wounded.
Maggie closely misses you. You furiously retaliate!
You headbutt Maggie. You slash Maggie!
Maggie is almost dead.
You feel like a meek peon again.
You hit Maggie.
Maggie is almost dead.
You block Maggie's attack.
You hit Maggie. Your headbutt misses Maggie.
Maggie is almost dead.
You block Maggie's attack.
You slash Maggie!
You kill Maggie!
Okawaru accepts your kill.
Your Axes skill increases to level 11!
You hit the troll but do no damage. The troll bites you.
The troll closely misses you. The troll barely misses you.
You barely miss the troll. You headbutt the troll.
The troll is lightly wounded.
You block the troll's attack. The troll claws you!
* * * LOW HITPOINT WARNING * * *
You block the troll's attack.
You barely miss the troll.
The troll is lightly wounded.
The troll bites you.
* * * LOW HITPOINT WARNING * * *
The troll claws you.
* * * LOW HITPOINT WARNING * * *
You block the troll's attack.
The orc priest begins to cast a cantrip, but forgets the words!
The troll barely misses you. You furiously retaliate!
You headbutt the troll. You block the troll's attack. x2
The orc priest miscasts a cantrip.
You climb upwards.
There is a stone staircase leading down here.
You slash the troll!
The troll is heavily wounded.
The troll bites you.
You die...

#####.## ##.......## ##.#.#
##...####.........####....####
#.......'.........'...........
##...####.........###.....##.#
##.## ##.......## #.#..###.#
#.# ##.....## #.##.###.# #.#
##...## #........# #.## ##T##
####.##### #..# #@# #.# ##.#
#.# #.# #.# ##.## #.# #.#
##...## #g# #.# #.....# #.#
#.#######...## ######g#
#........#.## #......#
########.#.#####.######
#.........#


You could see a troll.

Vanquished Creatures
  Maggie (D:6)
  A hornet (D:5)
  Sigmund (D:4)
  Duvessa (D:6)
  A phantom (D:4)
  A bullfrog (D:5)
  2 gnoll sergeants
  A scorpion (D:5)
  Dowan (D:6)
  A jelly (D:5)
  2 hounds
  Jessica (D:3)
  3 iguanas
  2 orc wizards
  Ijyb (D:4)
  11 gnolls
  6 adders
  2 worms
  4 dart slugs
  10 orcs
  6 ball pythons
  6 endoplasms
  3 giant cockroaches
  5 goblins
  4 hobgoblins
  4 jackals (D:4)
  4 kobolds
  5 quokkas
  A bat (D:2)
  2 frilled lizards (D:2)
  5 rats
98 creatures vanquished.

Notes
Turn   | Place    | Note
-------+----------+-------------------------------------------
     0 | D:1      | funkygono the Minotaur Fighter began the quest for the Orb.
     0 | D:1      | Reached XP level 1. HP: 19/19 MP: 0/0
   251 | D:1      | Reached XP level 2. HP: 27/27 MP: 1/1
  1276 | D:2      | Reached XP level 3. HP: 33/33 MP: 2/2
  1733 | D:2      | Identified a scroll of acquirement
  1733 | D:2      | Acquired a manual of Axes
  1757 | D:3      | Reached skill level 3 in Axes
  1788 | D:3      | Found a shimmering blue altar of Sif Muna.
  1855 | D:3      | Reached XP level 4. HP: 13/40 MP: 3/3
  2209 | D:3      | Noticed Jessica
  2213 | D:3      | Killed Jessica
  2214 | D:3      | Reached skill level 4 in Axes
  2214 | D:3      | Reached skill level 1 in Throwing
  2257 | D:3      | Reached XP level 5. HP: 21/46 MP: 4/4
  2524 | D:3      | Found a faded altar of an unknown god.
  2966 | D:4      | Reached skill level 5 in Axes
  3028 | D:4      | Reached skill level 5 in Armour
  3039 | D:4      | Reached skill level 6 in Axes
  3039 | D:4      | Reached skill level 1 in Dodging
  3039 | D:4      | Reached XP level 6. HP: 48/53 MP: 5/5
  3195 | D:4      | Noticed Sigmund
  3329 | D:4      | Found a staircase to the Ecumenical Temple.
  3364 | Temple   | Entered the Ecumenical Temple
  3432 | Temple   | Became a worshipper of Warmaster Okawaru
  3539 | D:4      | Paralysed by Sigmund for 3 turns
  3556 | D:4      | Killed Sigmund
  3557 | D:4      | Reached skill level 5 in Fighting
  3557 | D:4      | Reached skill level 8 in Axes
  3557 | D:4      | Reached XP level 7. HP: 61/61 MP: 6/6
  3615 | D:4      | Noticed Ijyb
  3626 | D:4      | Killed Ijyb
  3868 | D:5      | Entered Level 5 of the Dungeon
  3869 | D:5      | Found Giaxonax's Weapon Shop.
  3887 | D:5      | Reached * piety under Okawaru
  4105 | D:5      | Reached skill level 9 in Axes
  4615 | D:5      | Noticed a hornet
  4625 | D:5      | Killed a hornet
  4626 | D:5      | Reached skill level 10 in Axes
  4626 | D:5      | Reached skill level 5 in Shields
  4626 | D:5      | Reached XP level 8. HP: 49/70 MP: 7/7
  5313 | D:6      | Noticed Maggie
  5314 | D:6      | Noticed Dowan
  5317 | D:6      | Noticed Duvessa
  5319 | D:6      | Noticed a troll
  5346 | D:6      | Killed Dowan
  5347 | D:6      | Reached skill level 1 in Stealth
  5349 | D:6      | Killed Duvessa
  5362 | D:6      | Killed Maggie
  5363 | D:6      | Reached skill level 11 in Axes
  5365 | D:6      | HP: 2/71 [troll (4)]
  5368 | D:5      | Slain by a troll

Illustrated notes

Levels and vault maps discovered:
D:1:      minmay_arrival_diagonal_passages, layout_basic,
          serial_co_window_serial, co_window_paths_a, co_window_corner_a,
          co_window_of_opportunity_a, co_window_paths_b, co_window_paths_a,
          co_window_unsneaky_path_e, co_window_of_opportunity_c,
          co_window_corner_b, co_window_of_opportunity_c, co_window_sun,
          co_window_4corner_b, glass_columns_a, glass_columns_c,
          glass_columns_c, glass_columns_b, minivault_5
D:2:      layout_loops_ring
D:3:      layout_basic, led_sif_pool, hellmonk_ecumenical_altar_arch_garden,
          corexii_leaking_fountain, nicolae_grassy_gnolls, uniq_jessica
D:4:      minmay_spotlight, layout_rooms, minmay_temple_entry_drinking_statues,
          uniq_sigmund, uniq_ijyb
D:5:      layout_loops_corners, serial_shops, nicolae_shop_bloodbath_and_beyond
D:6:      layout_basic, grunt_temple_overflow_order_and_chaos_1, uniq_duvessa,
          uniq_maggie
Temple:   hellmonk_temple_of_storms

Skill      XL: |  1  2  3  4  5  6  7  8 |
---------------+-------------------------+-----
Fighting       | 4 5 6 |  6.3
Shields        | 4 5 |  5.5
Armour         | 4 5 6 7 |  7.6
Axes           | 3 4 6 8 10 11 | 11.1
Throwing       | 1 2 |  2.8
Dodging        | 1 |  1.7
Stealth        | 1 |  1.1
Invocations    | |  0.4

Action                     |  1- 3 |  4- 6 |  7- 9 || total
---------------------------+-------+-------+-------++-------
  Melee: War axe           |    57 |   112 |    88 ||   257
         Headbutt          |     8 |    13 |    13 ||    34
  Throw: Dart              |    12 |       |       ||    12
         Stone             |       |    40 |    21 ||    61
 Invoke: Heroism           |       |       |     3 ||     3
    Use: Scroll            |     5 |     4 |     6 ||    15
         Potion            |       |       |     1 ||     1
 Armour: Scale mail        |    20 |    30 |       ||    50
         Chain mail        |       |    13 |    28 ||    41
  Dodge: Dodged            |    21 |    48 |    39 ||   108
  Block: Buckler           |    10 |    39 |    11 ||    60
         Kite shield       |       |       |    25 ||    25

Table legend: (Time is in decaauts)
 A = Elapsed time spent in this place.
 B = Non-inter-level travel time spent in this place.
 C = Inter-level travel time spent in this place.
 D = Time resting spent in this place.
 E = Time spent auto-exploring this place.
 F = Levels seen in this place.
 G = Mean time per level.
                   A        B        C        D        E       F      G
               +--------+--------+--------+--------+--------+-----+--------+
         Total |   5435 |   5200 |    235 |    100 |   4072 |   7 |  776.4 |
       Dungeon |   5352 |   5124 |    228 |    100 |   4016 |   6 |  892.0 |
        Temple |     83 |     76 |      7 |      0 |     56 |   1 |   83.0 |
               +--------+--------+--------+--------+--------+-----+--------+

Top non-repeatable levels by time:
     D:5: 1334 daAuts
     D:3: 1153 daAuts
     D:1: 1051 daAuts
     D:4: 864 daAuts
     D:2: 852 daAuts
     D:6: 95 daAuts
  Temple: 83 daAuts
